Map: Mist Opportunities

Players

Xaeric

  • Race: Zerg Zerg

JOHANrc

  • Race: Terran Terran

VOD

Have the link to the VOD?

Description

Time

  • Played on: Aug. 26, 2025, 11:43 p.m.
  • Length: 29:53
Show
View Real Time Build Order
Export as new Build Order

Xaeric Zerg 

Build Orders:  

Get SALT Encoding   

  12  0:04  Drone  
  13  0:10  Drone  
  14  0:21  Overlord  
  14  0:27  Extractor  
  14  0:28  Drone  
  14  0:34  Extractor  
  14  0:37  Drone  
  14  0:46  Drone x2  
  16  0:59  Drone x2  
  18  1:03  Drone  
  19  1:36  Spawning Tool  
  18  2:09  Zergling x2  
  18  2:10  Zergling x2  
  18  2:11  Zergling x2  
  18  2:15  Overlord  
  18  2:18  Drone  
  22  2:47  Infestation Pit  
  22  2:49  Drone x2  
  23  2:53  Drone  
  24  3:20  Drone x2  
  26  3:42  Hatchery  
  26  3:45  Drone x3  
  28  3:50  Overlord  
  28  4:27  Drone  
  29  4:32  Drone x2  
  29  4:33  Drone  
  29  4:34  Overlord  
  32  4:46  Evolution Chamber  
  31  5:11  Drone x4  
  31  5:12  Drone x3  
  31  5:13  Drone x3  
  41  5:36  Drone x2  
  41  5:39  Drone  
  44  5:40  Drone x2  
  44  5:43  Hardened Ergonergy Shield  
  46  6:01  Extractor  
  46  6:02  Drone x2  
  46  6:03  Extractor, Drone  
  47  6:13  Zerg Melee Weapons Level 1  
  47  6:14  Zerg Ground Armor Level 1  
  47  6:20  Evolution Chamber  
  47  6:25  Hydralisk Den  
  45  6:32  Ultralisk Cavern  
  44  6:53  Drone x2  
  44  6:54  Drone  
  47  7:11  Drone x3  
  47  7:14  Drone x2  
  52  7:27  Hatchery  
  47  7:40  Super Gary  
  51  8:09  Zergling  
  51  8:11  Zergling  
  51  8:12  Zergling  
  51  8:15  Ultralisk  
  57  8:26  Mecha Mooch Module  
  57  8:28  Electrostatic Surprise  
  57  8:30  Erudition Missile Launchers  
  55  8:53  Zerg Missile Weapons Level 1  
  55  9:26  Zergling x4  
  57  9:31  Overlord  
  57  9:32  Overlord x4  
  57  9:33  Overlord x4  
  57  9:34  Overlord  
  57  10:03  Hydralisk x6  
  57  10:04  Hydralisk x6  
  81  10:13  Drone  
  81  10:15  Hatchery  
  81  10:34  Zergling  
  81  10:43  Zergling  
  81  10:44  Hydralisk  
  81  10:47  Zergling  
  65  11:21  Hydralisk  
  65  11:22  Hydralisk x14  
  65  11:23  Zergling x2  
  65  11:24  Zergling x4  
  96  11:42  Zergling x10  
  96  11:43  Zergling x2  
  102  12:21  Hydralisk x2  
  102  12:22  Hydralisk x8  
  102  12:25  Zergling  
  102  12:27  Zergling x3  
  102  12:29  Hydralisk  
  120  12:32  Zergling  
  108  13:26  Hydralisk x2  
  108  13:31  Zergling  
  108  13:36  Zergling  
  108  13:37  Zergling  
  97  14:07  Hydralisk  
  97  14:09  Zergling x2  
  97  14:10  Zergling x34  
  97  14:18  Overlord, Zergling  
  97  14:19  Overlord x3  
  115  14:20  Overlord x2, Zergling  
  104  15:03  Hydralisk  
  104  15:04  Hydralisk x11  
  104  15:05  Hydralisk x7  
  104  15:07  Overlord  
  142  15:31  Hydralisk  
  142  15:33  Hydralisk x2  
  142  15:34  Zergling, Hydralisk x3  
  142  15:35  Hydralisk x2  
  142  15:36  Hydralisk  
  142  15:39  Zergling  
  156  15:40  Zergling  
  156  15:41  Zergling  
  156  15:42  Zergling x4  
  156  15:43  Zergling x2  
  156  15:44  Zergling x3  
  156  15:45  Zergling  
  140  16:19  Hydralisk x2  
  139  16:20  Hydralisk x7  
  153  17:46  Zergling x2  
  153  17:47  Zergling x18  
  153  17:48  Zergling x28  
  177  17:54  Zerg Melee Weapons Level 2  
  177  17:55  Zerg Missile Weapons Level 2, Zerg Ground Armor Level 2  
  177  18:26  Zergling  
  177  18:27  Zergling  
  177  18:28  Zergling x3  
  177  18:30  Zergling x2  
  177  18:54  Hydralisk  
  173  19:01  Zergling  
  173  19:02  Zergling  
  173  19:03  Zergling  
  173  19:04  Zergling  
  173  19:14  Ultralisk  
  173  19:15  Ultralisk x3  
  173  19:16  Zergling x4  
  197  19:38  Zergling x2  
  197  19:40  Zergling  
  197  19:41  Zergling  
  197  19:43  Zergling  
  197  19:47  Hydralisk  
  197  19:49  Zergling x2  
  197  19:53  Zergling  
  197  19:54  Zergling  
  197  19:55  Zergling x5  
  197  19:56  Zergling x3  
  197  19:58  Zergling  
  193  20:11  Hydralisk  
  193  20:17  Zergling x2  
  193  20:19  Zergling x2  
  177  20:21  Zergling x2  
  176  20:46  Hydralisk  
  169  20:50  Zergling  
  169  20:51  Zergling  
  169  20:52  Zergling  
  169  20:53  Zergling x3  
  169  20:54  Zergling  
  169  21:06  Zergling  
  169  21:11  Zergling  
  169  21:13  Zergling  
  163  21:22  Zergling x2  
  163  21:23  Zergling x24  
  163  21:24  Zergling x22  
  186  22:04  Zergling x6  
  186  22:05  Zergling x20  
  199  23:41  Adrenal Glands, Metabolic Boost  
  199  23:43  Zerg Melee Weapons Level 3  
  199  23:44  Zerg Ground Armor Level 3  
  199  23:46  Zerg Missile Weapons Level 3  
  199  23:48  Chitanium Plating  
  199  23:49  Tyr-Class Targeting System  
  199  23:50  Muscular Augments  
  199  25:16  Zergling  
  199  25:17  Zergling  
  199  25:19  Zergling  
  197  25:51  Zergling  
  197  25:52  Zergling  
  197  25:53  Zergling x2  
  197  25:54  Zergling x3  
  197  25:55  Zergling x7  
  197  25:56  Zergling x3  
  197  25:59  Zergling  
  197  26:09  Zergling  
  197  26:10  Zergling  
  197  26:19  Zergling  
  185  26:42  Zergling  
  185  26:58  Zergling  
  185  27:03  Zergling  
  185  27:05  Zergling  
  185  27:06  Zergling  
  185  27:07  Zergling  
  185  27:11  Zergling  
  185  27:12  Zergling  
  185  27:15  Zergling  
  184  27:20  Zergling  
  184  27:21  Zergling  
  184  27:23  Zergling  
  184  27:27  Zergling  
  182  27:32  Zergling x4  
  182  27:33  Zergling  
  180  27:42  Zergling x2  
  180  27:43  Zergling x10  
  180  27:44  Zergling x24  
  180  27:45  Zergling x6  
  180  27:48  Hydralisk  
  200  27:51  Zergling  
  200  27:52  Zergling x2  
  200  27:53  Zergling x3  
  200  27:54  Zergling x3  
  200  27:55  Zergling  
  200  27:56  Zergling  
  200  27:57  Zergling  
  200  27:58  Zergling  
  197  28:00  Zergling  
  197  28:01  Zergling x2  
  197  28:02  Zergling x2  
  197  28:03  Zergling x6  
  173  29:06  Zergling x2  
  173  29:07  Zergling x4  
Show
View Real Time Build Order
Export as new Build Order

JOHANrc Terran 

Build Orders:  

Get SALT Encoding   

  12  0:03  SCV  
  13  0:12  SCV  
  14  0:20  SCV  
  15  0:34  Supply Bunker  
  15  0:49  SCV  
  16  0:57  SCV  
  16  0:58  Supply Bunker  
  17  1:05  SCV  
  18  1:13  SCV  
  19  1:21  SCV  
  19  1:29  SCV  
  21  1:37  SCV  
  21  1:38  Refinery  
  22  1:45  SCV  
  22  1:48  Refinery  
  23  1:53  SCV  
  23  1:59  Supply Bunker  
  24  2:01  SCV  
  24  2:05  Engineering Bay  
  24  2:09  SCV  
  26  2:18  SCV  
  27  2:25  SCV, Supply Bunker  
  28  2:33  SCV  
  29  2:43  Barracks  
  29  2:49  Dominion Trooper x6, Supply Bunker  
  36  3:25  Dominion Trooper  
  36  3:28  Orbital Trooper Pods  
  37  3:33  Dominion Trooper  
  37  3:38  Dominion Trooper  
  38  3:41  Dominion Trooper  
  38  3:49  Dominion Trooper  
  37  4:23  Dominion Trooper  
  37  4:26  Supply Bunker  
  38  4:31  Dominion Trooper  
  38  4:32  SCV x2  
  38  4:39  Dominion Trooper  
  40  4:47  Dominion Trooper  
  40  4:49  Factory  
  41  4:55  Dominion Trooper  
  42  5:03  Dominion Trooper  
  42  5:04  SCV x4  
  42  5:05  SCV x2  
  43  5:11  Dominion Trooper  
  43  5:19  Dominion Trooper  
  44  5:24  Command Center  
  44  5:42  SCV  
  44  5:45  Marauder  
  51  5:50  SCV  
  51  5:51  Starport  
  51  5:58  SCV  
  53  6:06  SCV  
  53  6:07  SCV  
  55  6:13  SCV  
  55  6:15  SCV  
  57  6:21  SCV  
  57  6:23  SCV  
  57  6:26  SCV x9  
  57  6:29  SCV  
  60  6:31  SCV  
  60  6:37  SCV  
  60  6:39  SCV  
  63  6:42  Engineering Bay  
  63  6:45  SCV  
  63  6:47  SCV  
  63  6:49  Fusion Core  
  65  6:50  Imperial Witness  
  65  6:53  SCV  
  65  6:55  SCV  
  69  7:01  SCV  
  69  7:02  Terran Infantry Weapons Level 1  
  69  7:03  Terran Infantry Armor Level 1  
  70  7:12  Refinery  
  70  7:20  Refinery, Imperial Witness  
  72  7:34  Dominion Trooper x3  
  72  7:45  Amplified Airwaves  
  72  7:54  Armory  
  72  8:28  Dominion Trooper x4  
  72  8:29  Dominion Trooper x6  
  66  9:05  Dominion Trooper x6, Supply Bunker  
  69  9:37  Imperial Witness  
  73  9:40  Dominion Trooper x2  
  73  9:48  Dominion Trooper x2  
  76  9:55  Dominion Trooper  
  76  9:56  Dominion Trooper  
  76  9:59  Terran Infantry Weapons Level 2  
  78  10:00  Terran Infantry Armor Level 2  
  78  10:03  Dominion Trooper  
  78  10:04  Siege Tank, Dominion Trooper  
  89  10:11  Dominion Trooper  
  89  10:12  Dominion Trooper  
  89  10:14  Supply Bunker  
  89  10:19  Dominion Trooper  
  90  10:36  Supply Bunker  
  92  10:42  Imperial Witness, Dominion Trooper x2  
  96  10:50  Dominion Trooper x2  
  96  10:58  Imperial Witness, Dominion Trooper  
  97  11:06  Siege Tank  
  106  11:36  Marauder  
  112  11:45  Siege Tank  
  112  11:48  Scatter Veil  
  112  11:50  Medivac  
  114  12:05  Supply Bunker  
  114  12:11  Medivac  
  110  12:24  Dominion Trooper x2  
  110  12:28  Supply Bunker  
  112  12:32  Medivac, Dominion Trooper x2  
  112  12:38  Smart Servos  
  112  12:39  Dominion Trooper  
  117  12:40  Dominion Trooper  
  117  12:47  Dominion Trooper  
  117  12:48  Dual Resuscitators, Dominion Trooper  
  120  12:50  Supply Bunker  
  120  12:53  Medivac  
  120  12:56  Dominion Trooper x2  
  124  13:04  Dominion Trooper x2  
  124  13:08  Unknown x8  
  124  13:09  Unknown x7  
  126  13:11  Dominion Trooper  
  126  13:12  Dominion Trooper  
  126  13:19  Dominion Trooper  
  128  13:20  Dominion Trooper  
  128  13:27  Dominion Trooper  
  128  13:28  Dominion Trooper  
  130  13:35  Dominion Trooper  
  130  13:36  Dominion Trooper  
  134  13:40  Dominion Trooper x6, Supply Bunker  
  134  13:43  Dominion Trooper  
  134  13:44  Dominion Trooper  
  135  13:51  Dominion Trooper  
  135  13:52  Dominion Trooper  
  135  13:59  Dominion Trooper  
  138  14:00  Dominion Trooper  
  138  14:07  Dominion Trooper  
  138  14:08  Dominion Trooper  
  139  14:10  Siege Tank x2  
  125  14:34  Supply Bunker  
  125  14:38  Ghost Academy  
  125  14:39  Terran Infantry Weapons Level 3  
  125  14:40  Terran Infantry Armor Level 3  
  124  14:56  Imperial Witness, Supply Bunker  
  124  14:57  Imperial Witness  
  124  15:12  Siege Tank x2  
  124  15:14  Thor  
  136  15:20  Supply Bunker  
  133  15:42  Supply Bunker  
  133  15:43  Imperial Witness  
  133  15:54  Siege Tank x2, Dominion Trooper  
  133  15:55  Dominion Trooper  
  135  16:02  Dominion Trooper  
  135  16:03  Dominion Trooper  
  135  16:04  Supply Bunker  
  137  16:10  Dominion Trooper  
  137  16:11  Dominion Trooper  
  137  16:14  Thor  
  137  16:18  Dominion Trooper x2  
  147  16:26  Dominion Trooper x2  
  148  16:34  Dominion Trooper x2  
  150  16:42  Dominion Trooper x2  
  151  16:50  Dominion Trooper x2  
  151  16:52  Imperial Witness  
  151  16:57  Dominion Trooper  
  151  16:58  Dominion Trooper  
  155  17:05  Dominion Trooper  
  155  17:06  Dominion Trooper  
  155  17:13  Dominion Trooper  
  155  17:14  Dominion Trooper  
  154  17:21  Dominion Trooper  
  154  17:22  Dominion Trooper  
  154  17:38  Unknown x7  
  154  17:39  Unknown x8  
  154  18:43  Siege Tank  
  163  19:07  Imperial Witness  
  163  20:23  Thor  
  163  20:29  Incapacitator Shells  
  163  20:32  Marauder  
  163  20:35  Siege Tank  
  178  20:43  Siege Tank x2  
  178  21:02  Marauder  
  178  21:03  Imperial Witness  
  186  21:15  Imperial Witness  
  186  21:16  Dominion Trooper  
  186  21:17  Dominion Trooper  
  188  21:24  Dominion Trooper  
  188  21:25  Dominion Trooper  
  190  21:32  Dominion Trooper  
  190  21:33  Dominion Trooper  
  192  21:40  Dominion Trooper x2  
  192  21:48  Dominion Trooper x2  
  196  21:56  Dominion Trooper x2  
  198  22:04  Dominion Trooper x2  
  198  22:07  Imperial Witness  
  198  22:18  Dominion Trooper  
  198  22:19  Dominion Trooper  
  193  22:22  Imperial Witness  
  193  22:33  Thor  
  190  24:49  Aim-assist Embrasures  
  190  24:50  Hemispheric Acceleraants  
  190  24:57  Dominion Trooper x6, Supply Bunker  
  196  25:28  SCV  
  196  25:49  Neosteel Armor  
  196  27:10  Supply Bunker  
Tags
 
Add a new tag
Caveats
  • Supply blocks, unpowered buildings, or Contaminate may cause inaccurate times.
  • Supply counts are checked every 10 seconds.